 Dungeon Crawl Stone Soup version 0.20-b1 (webtiles) character file.

140 MTVSty1e the Skirmisher (level 5, 0/41 HPs)
             Began as a Demonspawn Gladiator on May 18, 2017.
             Killed from afar by an orc wizard (3 damage)
             ... with a magic dart
             ... on level 3 of the Dungeon.
             The game lasted 00:03:23 (1713 turns).

MTVSty1e the Skirmisher (Demonspawn Gladiator)      Turns: 1713, Time: 00:03:23

Health: 0/41       AC:  5    Str: 12 (15) XL:     5   Next: 2%
Magic:  5/5        EV: 17    Int: 14 (15) God:
Gold:   98         SH:  0    Dex: 19      Spells: 4/4 levels left

rFire    + . .     SeeInvis .   a - +0 war axe
rCold    . . .     Gourm    .   (no shield)
rNeg     . . .     Faith    .   g - +0 ring mail
rPois    .         Spirit   .   (helmet restricted)
rElec    .         Reflect  .   (no cloak)
rCorr    .         Harm     .   (no gloves)
MR       .....                  (no boots)
Stlth    ++........             (no amulet)
Regen    0.2/turn               (no ring)
MPRegen  0.1/turn               (no ring)

@: brilliant, agile
A: claws 1, horns 1, talons 1, fire resistance 1
a: no special abilities


You were on level 3 of the Dungeon.
You were not hungry.

You visited 1 branch of the dungeon, and saw 3 of its levels.

You collected 98 gold pieces.

Inventory:

Hand Weapons
 a - a +0 war axe (weapon)
Missiles
 d - 4 throwing nets (quivered)
Armour
 c - a +0 helmet
 g - a +0 ring mail (worn)
Scrolls
 b - a scroll of teleportation {unknown}
 e - 2 scrolls of enchant weapon {unknown}
 i - 2 scrolls of identify {unknown}
 k - 2 scrolls of enchant armour {unknown}
 l - a scroll of remove curse {unknown}
 m - a scroll of immolation {unknown}
 o - a scroll of noise {unknown}
Comestibles
 f - 2 bread rations


   Skills:
 * Level 3.6 Fighting
 + Level 3.3 Axes
 - Level 1.7 Throwing
 + Level 1.5 Armour
 + Level 3.3 Dodging


You had 4 spell levels left.
You didn't know any spells.

Dungeon Overview and Level Annotations

Branches:
Dungeon (3/15)

Altars:


Innate Abilities, Weirdness & Mutations

You have sharp fingernails.
You have a pair of small horns on your head.
You have sharp toenails.
Your flesh is heat resistant. (rF+)


Message History

Items here: ))) [[[ †† An orc wizard is nearby!
It was a potion of agility.
You feel agile all of a sudden.
The orc wizard hits you but does no damage.
The orc wizard barely misses you.
Items here: ))) [[[ †† You hit the orc wizard.
You claw the orc wizard, but do no damage.
Your headbutt misses the orc wizard.
The orc wizard is moderately wounded.
The orc wizard hits you but does no damage.
The orc wizard hits you with a dagger.
* * * LOW HITPOINT WARNING * * *
You slash the orc wizard!
You claw the orc wizard, but do no damage.
The orc wizard is almost dead.
The orc wizard casts a spell at you. The magic dart hits you!
You die...

### ### ## ..# #..
.. .. . #.# #.# #.
#. ##. #.# #.# #K #.
[.. #.# #.#
#.####.###.###. #.#
#.# #.#............
#.#
#.###.#.....†......
#.######...#.#####.#
..)......###^.).@o.#
..######.# #######.#
### #.# #.#
#.#########.#
#...........#
#############


You could see an orc wizard.

Vanquished Creatures
  An orc priest (D:3)
  An orc wizard (D:3)
  A gnoll (D:1)
  2 adders (D:2)
  An ooze (D:1)
  A dart slug (D:1)
  3 leopard geckos
  2 orcs (D:3)
  3 bats
  2 giant cockroaches
  6 goblins
  5 hobgoblins
  3 jackals (D:2)
  A ball python (D:2)
  5 frilled lizards
  3 kobolds
  6 rats
46 creatures vanquished.

Notes
Turn   | Place    | Note
-------+----------+-------------------------------------------
     0 | D:1      | MTVSty1e the Demonspawn Gladiator began the quest for the Orb.
     0 | D:1      | Reached XP level 1. HP: 16/16 MP: 1/1
   183 | D:1      | Gained mutation: You have sharp fingernails. [demonic ancestry]
   183 | D:1      | Reached XP level 2. HP: 22/22 MP: 2/2
   671 | D:1      | Gained mutation: You have sharp toenails. [demonic ancestry]
   671 | D:1      | Reached XP level 3. HP: 27/28 MP: 3/3
  1002 | D:2      | Reached skill level 1 in Armour
  1412 | D:2      | Gained mutation: Your flesh is heat resistant. (rF+) [demonic ancestry]
  1412 | D:2      | Reached XP level 4. HP: 34/35 MP: 4/4
  1692 | D:3      | HP: 1/35 [orc wizard/magic dart (8)]
  1706 | D:3      | Gained mutation: You have a pair of small horns on your head. [demonic ancestry]
  1706 | D:3      | Reached XP level 5. HP: 4/41 MP: 5/5
  1713 | D:3      | Killed from afar by an orc wizard

Skill      XL: |  1  2  3 |
---------------+----------+-----
Dodging        | 3 |  3.3
Armour         | 1 |  1.5
Axes           | 3 |  3.3
Fighting       | 3 |  3.6
Throwing       | |  1.7

Action                   |  1- 3 |  4- 6 || total
-------------------------+-------+-------++-------
Melee: War axe           |   104 |    39 ||   143
       Kick              |    12 |    12 ||    24
  Use: Potion            |       |     4 ||     4
  Eat: Royal jelly       |     1 |       ||     1
       Bread ration      |       |     1 ||     1
Armor: Leather armour    |     7 |       ||     7
       Ring mail         |    54 |    19 ||    73
Dodge: Dodged            |    92 |    41 ||   133
